 Dungeon Crawl Stone Soup version 0.28.0-45-g0d030f2227 (webtiles) character file.

Game seed: 11242343632220564389

84 OrbIsHorse the Ruffian (level 4, -5/44 HPs)
             Began as a Troll Fighter on Apr 11, 2022.
             Was a High Priest of Ignis.
             Slain by a gnoll
             ... wielding a +4 flail of venom
              (7 damage)
             ... on level 4 of the Dungeon.
             The game lasted 00:06:21 (773 turns).

OrbIsHorse the Ruffian (Troll Fighter)               Turns: 773, Time: 00:06:22

Health: -5/44      AC:  4    Str: 26    XL:     4   Next: 23%
Magic:  3/3        EV:  8    Int:  4    God:    Ignis [*****.]
Gold:   58         SH:  7    Dex:  9    Spells: 3/3 levels left

rFire   + . .      SeeInvis .     - Unarmed
rCold   . . .      Faith    .   b - +0 kite shield
rNeg    . . .      Spirit   .   a - +0 robe
rPois   .          Reflect  .   (helmet restricted)
rElec   .          Harm     .   (no cloak)
rCorr   .          Rampage  .   (gloves unavailable)
Will    .....                   (boots unavailable)
Stlth   +.........              (no amulet)
HPRegen 0.94/turn               (no ring)
MPRegen 0.08/turn               (no ring)

@: mighty, lethally poisoned (-5 -> -7)
A: large, unfitting armour, claws 3, regeneration 1, shaggy fur 1, tough skin 1
a: Renounce Religion, Fiery Armour, Foxfire Swarm, Rising Flame


You were on level 4 of the Dungeon.
You worshipped Ignis.
Ignis was extremely pleased with you.
You visited 1 branch of the dungeon, and saw 4 of its levels.

You collected 58 gold pieces.

Inventory:

Hand Weapons
 d - a +0 club
 f - a +0 spear
 h - a +0 hunting sling
 i - a +0 dagger
 o - a +0 dagger
 r - a +0 mace
 s - a +0 club
 t - a +0 trident
 u - a +0 club
Armour
 a - a +0 robe (worn)
 b - a +0 kite shield (worn)
 q - a +0 leather armour
Scrolls
 g - a scroll of blinking
 k - a scroll of identify
 l - a scroll of teleportation {unknown}
 p - a scroll of magic mapping {unknown}
 v - a scroll of summoning {unknown}
Potions
 c - a potion of might
 e - a potion of heal wounds {unknown}
 j - 2 potions of curing {unknown}
 n - a potion of flight {unknown}


   Skills:
 + Level 2.7 Fighting
 + Level 3.0 Dodging
 + Level 2.8 Shields
 + Level 3.1 Unarmed Combat


You had 3 spell levels left.
You didn't know any spells.
Your spell library contained the following spells:

 Spells                   Type           Power      Damage    Failure   Level
 Frozen Ramparts          Ice            0%         1d2       99%         3
 Ice Form                 Ice/Tmut       0%         N/A       100%        4
 Summon Ice Beast         Ice/Summ       0%         N/A       100%        4


Dungeon Overview and Level Annotations

Branches:
Dungeon (4/15)
 Temple: D:4-7

Altars:
Fedhas
Ignis

Shops:
D:1 :


Innate Abilities, Weirdness & Mutations

You are too large for most types of armour.
You have claws for hands.
Your natural rate of healing is unusually fast.
You are covered in fur. (AC +1)
You have tough skin. (AC +1)


Message History

Aim: a gnoll, wielding a +4 flail of venom (58% to hit)
You throw a stone.
The stone hits the gnoll but does no damage.
Throw: stone
Press: ? - help, Q - select action Shift-Dir - straight line, f/p - gnoll
Aim: a gnoll, wielding a +4 flail of venom (58% to hit)
You throw a stone. The stone completely misses the gnoll.
The gnoll hits you with a +4 flail of venom!
You scratch the gnoll.
The gnoll is moderately wounded.
The gnoll hits you with a +0 club.
The gnoll hits you with a +4 flail of venom.
You barely miss the gnoll.
The gnoll is moderately wounded.
The gnoll hits you with a +4 flail of venom!
You are poisoned.
You barely miss the gnoll.
The gnoll is moderately wounded.
You feel very sick.
The gnoll closely misses you. x2; The gnoll hits you but does no damage.
You are more poisoned.
You closely miss the gnoll.
The gnoll is moderately wounded.
You feel very sick. The gnoll hits you with a +0 club.
* * * LOW HITPOINT WARNING * * *
The gnoll hits you with a +0 whip.
* * * LOW HITPOINT WARNING * * *
You block the gnoll's attack.
You feel very mighty all of a sudden.
You feel sick. The gnoll hits you with a +0 club.
* * * LOW HITPOINT WARNING * * *
The gnoll barely misses you. You block the gnoll's attack.
As you read the scroll labelled SEUDGH QAIDGHYS, it crumbles to dust.
It is a scroll of identify.
g - a scroll of blinking
* * * LOW HITPOINT WARNING * * *
You feel sick. The gnoll barely misses you. You block the gnoll's attack.
The gnoll hits you with a +4 flail of venom!
You die...

#.##.# #.##.#
##.##.# #<....#
#####.#######
#........
#†.######
#######......##
......g@.......
...(..gg.......
########.....##
.....+ .....#
.....# <....#
.....#


You could see 3 gnolls.

Vanquished Creatures
  A hound (D:4)
  A gnoll (D:1)
  2 dart slugs (D:1)
  2 orcs (D:3)
  2 bats (D:3)
  An endoplasm (D:3)
  2 giant cockroaches
  2 goblins (D:1)
  3 hobgoblins
  6 jackals
  A quokka (D:1)
  5 ball pythons
  3 kobolds
  3 rats (D:1)
34 creatures vanquished.

Notes
Turn   | Place    | Note
-------+----------+-------------------------------------------
     0 | D:1      | OrbIsHorse the Troll Fighter began the quest for the Orb.
     0 | D:1      | Reached XP level 1. HP: 22/22 MP: 0/0
   118 | D:1      | Reached XP level 2. HP: 23/29 MP: 1/1
   180 | D:1      | Found a faded altar of an unknown god.
   191 | D:1      | Prayed at the altar of an unknown god.
   191 | D:1      | Became a worshipper of Ignis, the Dying Flame
   349 | D:1      | Found Weytipt's Book Shop.
   352 | D:1      | Reached XP level 3. HP: 34/36 MP: 2/2
   579 | D:3      | Found a blossoming altar of Fedhas.
   762 | D:4      | Reached XP level 4. HP: 41/44 MP: 3/3
   773 | D:4      | HP: 2/44 [poisoned by a gnoll]
   773 | D:4      | Slain by a gnoll

Illustrated notes

Levels and vault maps discovered:
D:1:      amcnicky_arrival_single_pillar, layout_rooms,
          hellmonk_ecumenical_altar_crossroads, serial_shops,
          nicolae_shop_hallway_plus, corexii_leaking_fountain
D:2:      minmay_angry_zag, layout_loops_ring, kennysheep_generic_room_6
D:3:      layout_rooms, mainiacjoe_overflow_chevrons,
          mainiacjoe_overflow_alcove_2
D:4:      layout_basic, nicolae_uskayaw_suspiria

Skill      XL: |  1  2  3 |
---------------+----------+-----
Dodging        | 3 |  3.0
Unarmed Combat | 3 |  3.1
Fighting       | |  2.7
Shields        | |  2.8

Action                   |  1- 3 |  4- 6 || total
-------------------------+-------+-------++-------
Melee: Unarmed           |    80 |     4 ||    84
Throw: Stone             |     4 |     2 ||     6
  Use: Scroll            |       |     1 ||     1
       Potion            |       |     1 ||     1
Armor: Robe              |    34 |     1 ||    35
Dodge: Dodged            |    37 |     4 ||    41
Block: Kite shield       |    30 |     3 ||    33
